 Dungeon Crawl Stone Soup version 0.21-a0-509-gecc5317 (webtiles) character file.

61 BingusPrime the Poker (level 4, -5/33 HPs)
             Began as a Merfolk Skald on Nov 30, 2017.
             Killed by divine providence
             ... invoked by an orc priest
              (11 damage)
             ... on level 4 of the Dungeon.
             The game lasted 00:08:17 (2188 turns).

BingusPrime the Poker (Merfolk Skald)               Turns: 2188, Time: 00:08:18

Health: -5/33      AC:  4    Str: 11    XL:     4   Next: 7%
Magic:  5/7        EV: 12    Int: 12    God:
Gold:   99         SH:  0    Dex: 14    Spells: 4/7 levels left

rFire    . . .     SeeInvis .   a - +0 spear
rCold    . . .     Gourm    .   (no shield)
rNeg     . . .     Faith    .   b - +0 leather armour
rPois    .         Spirit   .   (no helmet)
rElec    .         Reflect  .   (no cloak)
rCorr    .         Harm     .   o - +0 pair of gloves
MR       .....                  (no boots)
Stlth    +.........             k - amulet of regeneration
HPRegen  0.51/turn              (no ring)
MPRegen  0.10/turn              (no ring)

@: no status effects
A: change form in water, swift swim, stealthy swim
a: no special abilities


You were on level 4 of the Dungeon.
You were near starving.

You visited 1 branch of the dungeon, and saw 4 of its levels.

You collected 99 gold pieces.

Inventory:

Hand Weapons
 a - a +0 spear (weapon)
 f - a +0 short sword of holy wrath
 p - a +3 short sword of freezing
Armour
 b - a +0 leather armour (worn)
 o - a +0 pair of gloves (worn)
Jewellery
 k - an amulet of regeneration (around neck)
Wands
 t - a wand of iceblast (11)
Scrolls
 h - 4 scrolls of amnesia {unknown}
 j - 4 scrolls of identify
 m - a scroll of enchant weapon {unknown}
 n - 2 scrolls of enchant armour {unknown}
 r - a scroll of random uselessness {unknown}
 s - a scroll of remove curse {unknown}
Potions
 e - a potion of berserk rage {unknown}
 i - a potion of curing {unknown}
 q - a potion of haste {unknown}
Books
 c - a book of Battle

   Spells                             Type                      Level
   a - Infusion                       Charms                       1
   b - Shroud of Golubria             Charms/Translocation         2
   c - Song of Slaying                Charms                       2
   d - Spectral Weapon                Hexes/Charms                 3
   e - Regeneration                   Charms/Necromancy            3
Comestibles
 d - a bread ration
 g - 6 fruits
 l - a meat ration


   Skills:
 + Level 2.3 Fighting
 + Level 0.2 Short Blades
 * Level 5.0 Polearms
 - Level 0.6 Armour
 + Level 2.9 Dodging
 + Level 2.1 Spellcasting
 * Level 3.9 Charms


You had 4 spell levels left.
You knew the following spells:

 Your Spells              Type           Power        Failure   Level  Hunger
a - Infusion              Chrm           ##..         7%          1    ##.....
b - Shroud of Golubria    Chrm/Tloc      #.........   24%         2    ###....


Dungeon Overview and Level Annotations

Branches:
Dungeon (4/15)
 Temple: D:4-7

Altars:
Okawaru
Ru
Trog
Yredelemnul


Message History

You are confused.
You hit the orc priest but do no damage.
You closely miss the orc priest.
Your shroud begins to fray at the edges.
Your shroud bends the orc priest's attack away.
The orc wizard casts a spell at you. The puff of flame hits you!
The orc priest misses you.
You closely miss the orc wizard. The orc wizard barely misses you.
The orc priest hits you with a club.
* * * LOW HITPOINT WARNING * * *
Your shroud falls apart!
You're too confused to cast spells.
You closely miss the orc wizard.
You feel less confused. The orc priest hits you with a club.
* * * LOW HITPOINT WARNING * * *
The orc wizard hits you but does no damage.
The orc priest calls down the wrath of Beogh upon you.
Beogh smites you!
You die...

#.####.#####.# #..
#.#..........# #.#
#.#.##.####### ###
#.###.#<#....
..>##...#.#.#......
###.#....#.#.........#
........#.#.#.#..####
####.#o..##.#.#.#..#
#....'o@.'..#.#.####
#.##.#o..####.# #
#...# #.# #...# #...#
#...# #...# #....
..#...


You could see 2 orc priests and an orc wizard.

Vanquished Creatures
  An orc wizard (D:3)
  A dart slug (D:1)
  3 leopard geckos
  A ball python (D:2)
  A giant cockroach (D:1)
  4 goblins
  4 hobgoblins
  6 kobolds
  2 frilled lizards
  A leopard gecko skeleton (D:3)
  6 rats
30 creatures vanquished.

Notes
Turn   | Place    | Note
-------+----------+-------------------------------------------
     0 | D:1      | BingusPrime the Merfolk Skald began the quest for the Orb.
     0 | D:1      | Reached XP level 1. HP: 16/16 MP: 3/3
   319 | D:1      | Reached XP level 2. HP: 22/22 MP: 0/5
   323 | D:1      | Learned a level 2 spell: Shroud of Golubria
   756 | D:2      | Found a basalt altar of Yredelemnul.
   842 | D:2      | Found an iron altar of Okawaru.
   845 | D:2      | Found a bloodstained altar of Trog.
   877 | D:2      | Reached skill level 4 in Polearms
  1046 | D:2      | Reached XP level 3. HP: 20/27 MP: 6/6
  1260 | D:2      | Found a faded altar of an unknown god.
  1611 | D:3      | Found a sacrificial altar of Ru.
  1644 | D:3      | Reached XP level 4. HP: 33/33 MP: 0/7
  1738 | D:3      | Reached skill level 5 in Polearms
  2188 | D:4      | Killed from afar by an orc priest

Vault maps used:
D:1:      dpeg_arrival_tiny_h, dk_noncrumbling_3, minmay_tetromino_s2
D:2:      nicolae_overflow_hidden_temple, chequers_ecumenical_altar_simple_redux
D:3:      nicolae_ru_great_annihilating_truth, serial_corexii_hall,
          corexii_hall_statues_s, corexii_hall_statues_l, corexii_hall_statues_u
D:4:      minmay_temple_entry_glassed_door, nicolae_ossuary_entry_plus,
          minmay_misc_feat_encased

Skill      XL: |  1  2  3  4 |
---------------+-------------+-----
Polearms       | 4 5 |  5.0
Fighting       | |  2.3
Short Blades   | |  0.2
Armour         | |  0.6
Dodging        | |  2.9
Spellcasting   | |  2.1
Charms         | |  3.9

Action                   |  1- 3 |  4- 6 || total
-------------------------+-------+-------++-------
Melee: Spear             |    83 |    22 ||   105
       Short sword       |     7 |       ||     7
 Cast: Infusion          |     4 |       ||     4
       Shroud of Golubri |     4 |     2 ||     6
  Use: Scroll            |     1 |       ||     1
 Stab: Paralysed         |       |     2 ||     2
  Eat: Chunk             |     2 |     1 ||     3
Armor: Leather armour    |    15 |     4 ||    19
Dodge: Dodged            |    43 |     7 ||    50

Table legend:
 A = Spawn XP
 B = Non-spawn XP
 C = Spawn XP percentage of total XP
 D = Spawn monster count
 E = Non-spawn monster count
 F = Spawn count percentage of total count
 G = Total turns spent on level
                    A         B        C        D         E        F      G
               +---------+---------+-------+---------+---------+-------+---------
         Total |       0 |      88 |   0.0 |       0 |      30 |   0.0 |  2188
               +---------+---------+-------+---------+---------+-------+---------
           D:1 |       0 |      18 |   0.0 |       0 |      10 |   0.0 |   755
           D:2 |       0 |      19 |   0.0 |       0 |      12 |   0.0 |   788
           D:3 |       0 |      51 |   0.0 |       0 |       8 |   0.0 |   610
               +---------+---------+-------+---------+---------+-------+---------
